 Dungeon Crawl Stone Soup version 0.30.1-11-g7821555f0a (webtiles) character file.

Game seed: 3422979477888376461

142 CaptainMV the Changer (level 5, -1/44 HPs)
             Began as a Naga Wanderer on Nov 6, 2023.
             Was an Initiate of Yredelemnul.
             Slain by a phantom (3 damage)
             ... on level 3 of the Dungeon.
             The game lasted 00:19:35 (1508 turns).

CaptainMV the Changer (Naga Wanderer)               Turns: 1508, Time: 00:19:36

Health: -1/44      AC:  3    Str: 13    XL:     5   Next: 24%
Magic:  9/9        EV:  9    Int: 15    God:    Yredelemnul [......]
Gold:   107        SH:  0    Dex: 11    Spells: 8/10 levels left

rFire   . . .        a - +0 dagger
rCold   . . .        (no shield)
rNeg    . . .        c - +0 robe
rPois   +            (helmet currently unavailable)
rElec   .            (no cloak)
rCorr   .            d - +0 pair of gloves
SInv    +            (no barding)
Will    .....        (no amulet)
Stlth   ++           (no ring)
HPRegen 0.27/turn    (no ring)
MPRegen 0.11/turn

%: no passive effects
@: about to teleport, appendages, very slow
A: horns 2, AC +1, large, see invisible, deformed body, poison resistance,
slowness 2, spit poison 1, naga tail 1
a: Spit Poison, End Transformation, Renounce Religion, Recall Undead Harvest


You were on level 3 of the Dungeon.
You worshipped Yredelemnul.
Yredelemnul was noncommittal.
You had temporarily grown beastly horns.
You visited 1 branch of the dungeon, and saw 3 of its levels.

You collected 107 gold pieces.

Inventory:

Hand Weapons
 a - a +0 dagger (weapon)
 e - a +0 club
Armour
 c - a +0 robe (worn)
 d - a +0 pair of gloves (worn)
Scrolls
 b - a scroll of teleportation
 f - 2 scrolls of poison
Potions
 g - 2 potions of haste
 h - a potion of flight {unknown}
 i - a potion of magic {unknown}
 j - a potion of heal wounds {unknown}
 k - a potion of curing {unknown}
 l - a potion of attraction {unknown}
 m - a potion of brilliance {unknown}
 n - a potion of cancellation {unknown}


   Skills:
 + Level 1.2 Fighting
 + Level 1.4 Short Blades
 + Level 0.3 Dodging
 + Level 3.7 Stealth
 + Level 3.0 Spellcasting
 + Level 2.1 Translocations
 + Level 3.9 Transmutations
 + Level 1.9 Poison Magic


You had 8 spell levels left.
You knew the following spells:

 Your Spells              Type           Power      Damage    Failure   Level
a - Sting                 Tmut/Pois      44%        1d5       6%          1
b - Beastly Appendage     Tmut           28%        N/A       4%          1

Your spell library contained the following spells:

 Spells                   Type           Power      Damage    Failure   Level
 Apportation              Tloc           16%        N/A       9%          1
 Portal Projectile        Hex/Tloc       10%        N/A       36%         3
 Swiftness                Air            2%         N/A       52%         3
 Petrify                  Tmut/Erth      8%         N/A       65%         4
 Summon Lightning Spire   Summ/Air       2%         N/A       89%         4
 Freezing Cloud           Conj/Ice/Air   1%         6-21      99%         5


Dungeon Overview and Level Annotations

Branches:
Dungeon (3/15)

Altars:
Elyvilon
Yredelemnul

Shops:
D:2 !   D:3 ?


Innate Abilities, Weirdness & Mutations

You have temporarily grown beastly horns.
Your serpentine skin is tough. (AC +1)
You have supernaturally acute eyesight. (SInv)
Armour fits poorly on your strangely shaped body.
Your system is resistant to poisons. (rPois)
You cover ground very slowly.
You can spit poison.
You have a snake-like lower body.


Message History

You hit the phantom.
The phantom is moderately damaged.
The phantom barely misses you.
You completely miss the phantom.
The phantom is moderately damaged.
Your kobold zombie hits the phantom but does no damage.
The phantom hits you.
* * * LOW HITPOINT WARNING * * *
The phantom blinks!
You blink.
You hit the phantom.
The phantom is heavily damaged.
You hit the phantom but do no damage.
The phantom is heavily damaged.
The phantom hits you.
* * * LOW HITPOINT WARNING * * *
You hit the phantom but do no damage.
You headbutt the phantom, but do no damage.
The phantom is heavily damaged.
The phantom hits you.
* * * LOW HITPOINT WARNING * * *
The phantom blinks!
You blink.
As you read the scroll of teleportation, it crumbles to dust.
You feel strangely unstable. The phantom barely misses you.
You hit the phantom but do no damage.
The phantom is heavily damaged.
The phantom barely misses you.
You hit the phantom but do no damage. Your headbutt misses the phantom.
The phantom is heavily damaged.
The phantom hits you.
* * * LOW HITPOINT WARNING * * *
Your frilled lizard zombie misses the phantom.
You hit the phantom. Your headbutt misses the phantom.
The phantom is heavily damaged.
The phantom barely misses you.
Your frilled lizard zombie closely misses the phantom.
You hit the phantom.
The phantom is heavily damaged.
The phantom hits you.
You die...
Your body rises from the dead as a mindless zombie.

#.........##.
###...≈≈.≈≈.......
#......≈.≈........
#....≈....(≈......
#....≈≈...≈≈.... .
####......._........
........≈≈...≈≈.#.#
#.....≈.....≈...#
#.......≈.≈@W...#
#.##...≈≈.≈ZZ.### #.
#.........## #.
#........##
#........#
#.......## #.......#
#.......#####
#....####'#....###


You could see a phantom (ally target), a friendly frilled lizard zombie and a
friendly kobold zombie.

Vanquished Creatures
  4 adders (D:2)
  2 worms (D:3)
  3 dart slugs (D:1)
  7 endoplasms
  3 giant cockroaches
  7 hobgoblins
  10 jackals
  2 quokkas (D:1)
  9 ball pythons
  2 bats (D:1)
  5 frilled lizards
  5 goblins (D:1)
  6 kobolds
  4 rats
69 creatures vanquished.

Vanquished Creatures (collateral kills)
  2 adders (D:2)
  An endoplasm (D:2)
  A giant cockroach (D:2)
  A kobold (D:2)
  A frilled lizard (D:2)
6 creatures vanquished.

Vanquished Creatures (others)
  A jackal zombie (D:2)
1 creature vanquished.

Grand Total: 76 creatures vanquished

Notes
Turn   | Place    | Note
-------+----------+-------------------------------------------
     0 | D:1      | CaptainMV the Naga Wanderer began the quest for the Orb.
     0 | D:1      | CaptainMV set off with the following items: a +0 club, a
                  | scroll of teleportation, a +0 robe, a +0 pair of gloves;
                  | and the following spells available to memorise: Beastly
                  | Appendage, Apportation, Sting, Portal Projectile, Petrify.
     0 | D:1      | Reached XP level 1. HP: 18/18 MP: 3/3
     2 | D:1      | Learned a level 1 spell: Sting
     4 | D:1      | Learned a level 1 spell: Beastly Appendage
    58 | D:1      | Reached XP level 2. HP: 8/25 MP: 1/5
   198 | D:1      | Reached XP level 3. HP: 23/31 MP: 1/6
   327 | D:1      | Reached skill level 1 in Poison Magic
   481 | D:1      | Found a faded altar of an unknown god.
   490 | D:1      | Prayed at the altar of an unknown god.
   490 | D:1      | Became a worshipper of Yredelemnul the Dark
   490 | D:1      | Reached * piety under Yredelemnul
   619 | D:2      | Got the Tome of Turbulence
   751 | D:2      | Reached XP level 4. HP: 36/38 MP: 1/7
   915 | D:2      | Found Feev's Distillery.
   935 | D:2      | Reached skill level 1 in Short Blades
  1008 | D:2      | Reached ** piety under Yredelemnul
  1059 | D:2      | Reached XP level 5. HP: 39/44 MP: 9/9
  1380 | D:3      | Found Hotso Yrar's Magic Scroll Shop.
  1480 | D:3      | Found a white marble altar of Elyvilon.
  1480 | D:3      | Noticed a phantom
  1506 | D:3      | HP: 2/44 [phantom (2)]
  1508 | D:3      | Slain by a phantom

Illustrated notes

Levels and vault maps discovered:
D:1:      dpeg_arrival_fog, layout_rooms,
          dreamdust_ecumenical_altar_angels_and_demons, minmay_pentomino_r4
D:2:      layout_loops_ring, serial_shops, shop, uniq_natasha
D:3:      layout_basic, mainiacjoe_overflow_small_starburst, serial_shops, shop

Skill      XL: |  1  2  3  4  5 |
---------------+----------------+-----
Poison Magic   | 1 |  1.9
Short Blades   | 1 |  1.4
Spellcasting   | 3 |  3.0
Fighting       | |  1.2
Dodging        | |  0.3
Stealth        | |  3.7
Translocations | |  2.1
Transmutations | |  3.9

Action                     |  1- 3 |  4- 6 || total
---------------------------+-------+-------++-------
  Melee: Club              |    12 |       ||    12
         Dagger            |    76 |    72 ||   148
         Headbutt          |     2 |     4 ||     6
         Punch             |     3 |       ||     3
   Cast: Sting             |    45 |    35 ||    80
         Beastly Appendage |     3 |     3 ||     6
 Invoke: Recall Undead Har |       |     1 ||     1
         Dark Bargain      |       |     1 ||     1
Ability: Spit Poison       |     4 |       ||     4
    Use: Scroll            |     3 |     3 ||     6
   Stab: Sleeping          |     3 |     2 ||     5
 Armour: Robe              |    29 |    20 ||    49
  Dodge: Dodged            |    53 |    46 ||    99
